[Event "*** Titled Tuesday Blitz"]
[Site "Chess.com"]
[Date "2020.04.21"]
[Round "8"]
[White "pedromartinez91"]
[Black "Yurovskykh_Oleksandr"]
[Result "0-1"]
[WhiteElo "2430"]
[BlackElo "2608"]
[TimeControl "180+1"]
[EndTime "11:41:37 PDT"]
[Termination "Yurovskykh_Oleksandr won by checkmate"]

1. e4 d5 2. exd5 Qxd5 3. Nc3 Qd8 4. d4 Nf6 5. Nf3 Bg4 6. h3 Bxf3 7. Qxf3 c6 8. Be3 e6 9. O-O-O Bb4 10. Ne4 Nxe4 11. Qxe4 Qd5 12. Qxd5 cxd5 13. f4 Nd7 14. Bd3 f5 15. g4 g6 16. h4 Nf6 17. gxf5 gxf5 18. c3 Bd6 19. h5 Kf7 20. Rdg1 Rhg8 21. Rg5 h6 22. Rgg1 Rxg1+ 23. Rxg1 Nxh5 24. Rh1 Kg6 25. Rg1+ Kh7 26. Kc2 Rg8 27. Rh1 Rg2+ 28. Kb3 Bxf4 29. Re1 Bxe3 30. Rxe3 Nf4 31. Bb5 Rg7 32. a4 Kg6 33. a5 Kf6 34. Rf3 Ng6 35. a6 b6 36.
Kb4 h5 37. b3 h4 38. c4 dxc4 39. bxc4 Rh7 40. Rh3 Nf4 41. Rh1 h3 42. c5 bxc5+ 43.
dxc5 h2 44. Bc6 Nd3+ 45. Kb5 e5 46. Bg2 e4 47. c6 Nf4 48. Bf1 e3 49. Kc5 e2 50. Bxe2 Nxe2 51. Kd6 Ng3 52. Ra1 h1=Q 53. Rxh1 Nxh1 54. c7 Rxc7 55. Kxc7 f4 56. Kb7 f3 57.
Kxa7 f2 58. Kb8 f1=Q 59. a7 Qb5+ 60. Ka8 Qe8+ 61. Kb7 Qd7+ 62. Kb8 Ng3 63. a8=Q Nf5 64. Qb7 Qd6+ 65. Ka7 Kg5 66. Qb6 Qd7+ 67. Ka6 Qc8+ 68.
Kb5 Qd7+ 69. Ka6 Nd4 70. Qc5+ Kf4 71. Qf8+ Ke4 72. Qc5 Qa4+ 73. Kb6 Qa8 74. Qe7+ Kd3 75. Qh7+ Kc3 76. Qh3+ Kb4 77. Qd7 Qb8+ 78. Qb7 Qd8+ 79. Ka7+ Kc5 80. Qc8+ Nc6+ 81. Kb7 Qb6+ 82. Ka8 Qa7# 0-1

[Event "*** Titled Tuesday Blitz"]
[Site "Chess.com"]
[Date "2020.04.21"]
[Round "8"]
[White "want2lose"]
[Black "youngKID"]
[Result "1/2-1/2"]
[WhiteElo "2916"]
[BlackElo "2810"]
[TimeControl "180+1"]
[EndTime "11:41:53 PDT"]
[Termination "Game drawn - insufficient material"]

1. Nf3 Nf6 2. g3 g6 3. Bg2 c5 4.
O-O Bg7 5. c4 Nc6 6. d4 cxd4 7.
Nxd4 h5 8. Nc3 h4 9. Bg5 hxg3 10.
hxg3 Rh5 11. Bxf6 Bxf6 12. e3 Bg7 13. Qd2 Kf8 14. Rad1 Ne5 15. b3 d6 16. Nd5 Bg4 17.
f3 Bd7 18. f4 Ng4 19. e4 Rc8 20. f5 gxf5 21. Nxf5 Bxf5 22. exf5 Rc5 23. Qe2 Rg5 24. Rf4 Nf6 25. Nxf6 Bxf6 26. g4 b5 27. cxb5 Qb6 28. Qf2 Qxb5 29. Bf3 Be5 30. Re4 Rc3 31.
Kg2 Qa5 32. Qe2 Qc7 33. Rc4 Rxc4 34. bxc4 Qc5 35. Rb1 Kg7 36. Qd2 Bf6 37. Qe2 Qxf5 38. Rd1 Qf4 39. Re1 Qe5 40. Qf2 Qc3 41. Re2 Qd4 42. Qxd4 Bxd4 43. Rxe7 Bc5 44. Rc7 Kf8 45. Kh3 f5 46. gxf5 Rxf5 47. Bd5 Ke8 48. a4 Rf2 49. a5 Ra2 50. Bc6+ Kd8 51. Rd7+ Kc8 52. Kg4 Rxa5 53. Kf5 Ra1 54. Ke6 Re1+ 55. Kf5 a5 56. Bb5 Ra1 57. Rh7 a4 58. Ke6 a3 59. Kd5 a2 60. Kc6 Kd8 61. Rh2 Ke7 62. Re2+ Kf6 63. Ba4 Kf5 64. Bb3 Kf4 65. Bxa2 Rc1 66. Bb3 Rc3 67. Ba2 Kf3 68. Rh2 Ra3 69. Bb1 Kg3 70. Re2 Rc3 71. Kd5 Rb3 72. Be4 Re3 73. Rc2 Ra3 74.
Rg2+ Kf4 75. Rg8 Re3 76. Rf8+ Kg3 77. Rf5 Re2 78. Rf6 Rd2+ 79. Kc6 Rd4 80. Bd5 Kg4 81.
Rg6+ Kf5 82. Rg2 Rf4 83. Rc2 Rd4 84. Re2 Rf4 85. Ra2 Rd4 86. Ra8 Rf4 87. Re8 Kg4 88.
Kd7 Kg3 89. Rg8+ Kf2 90. Ke6 Ke3 91. Rg2 Kd4 92. Rd2+ Kc3 93. Rd1 Rd4 94. Ra1 Kb2 95. Ra8 Kc3 96. Rc8 Rxc4 97. Bxc4 Kxc4 98. Rd8 Kd4 99. Rd7 Kc4 100. Kf5 d5 101. Ke5 d4 102.
Ke4 Kc3 103. Rc7 Kc4 104. Rc8 Kb4 105. Kd3 Kb5 106. Ke4 Kb4 107. Kd5 d3 108. Rxc5 d2 109. Rc4+ Kb3 110. Rd4 Kc2 111. Ke4 d1=Q 112. Rxd1 Kxd1 1/2-1/2

[Event "*** Titled Tuesday Blitz"]
[Site "Chess.com"]
[Date "2020.04.21"]
[Round "8"]
[White "Kimster98"]
[Black "Shazuli9878"]
[Result "1-0"]
[WhiteElo "2542"]
[BlackElo "2401"]
[TimeControl "180+1"]
[EndTime "11:42:07 PDT"]
[Termination "Kimster98 won by resignation"]

1. d4 Nf6 2. Bf4 e6 3. e3 c5 4. Nf3 Nc6 5. c3 b6 6. Nbd2 Bb7 7. Bd3 d5 8. h3 Bd6 9. Ne5 O-O 10. Bg3 Qc7 11.
f4 Nd7 12. Qh5 f5 13. Bh4 Nf6 14. Qe2 Ne4 15. Ndf3 Be7 16. Bxe7 Qxe7 17. Nxc6 Bxc6 18.
Bxe4 fxe4 19. Ne5 Qh4+ 20. Qf2 Qxf2+ 21. Kxf2 Bb5 22. Ke1 Rac8 23. Kd2 c4 24. h4 Be8 25.
h5 Rc7 26. g4 Ba4 27. Rab1 Rfc8 28. h6 Be8 29. hxg7 Rxg7 30. Rbg1 Kh8 31. Rh6 Re7 32. Rgh1 Kg8 33. g5 Rcc7 34. g6 Bxg6 35. Nxg6 hxg6 36. Rxg6+ Kf7 37. Rhh6 Rc6 38. f5 b5 39. Rf6+ Ke8 40.
fxe6 Rg7 41. Rh8+ Ke7 42. Rf7+ Rxf7 43. exf7 Kxf7 44. Rh7+ Ke6 45. Rxa7 Rb6 46. b4 Kd6 47. a4 bxa4 48. Rxa4 Kc6 49. Ra5 Rb8 50. Ra6+ Kd7 51. Ra7+ Kc6 52. Ra6+ Kd7 53. Rf6 Rh8 54. Ke2 Rh2+ 55.
Rf2 Rh1 56. Rg2 Ra1 57. Rg7+ Kc6 58. Rg6+ Kd7 59. Rg5 Kc6 60. b5+ Kd6 61. Rg6+ Kd7 62. Rg5 Ra2+ 63. Kd1 Kd6 64. Rg6+ Kd7 65. Rg5 Kd6 66.
Rg6+ Kd7 67. b6 Rb2 68. Kc1 Rb3 69. Kc2 Rb5 70. Kc1 Rb3 71. Kc2 Rb5 72. Rf6 Ke7 73. Rc6 Kd7 74. Rc5 Rxb6 75. Rxd5+ Kc7 76. Rc5+ Kd6 77.
Rxc4 Ra6 78. Kb3 Ra1 79. Kc2 Re1 80. Kd2 Ra1 81. Rc5 Ra2+ 82. Kd1 Ra1+ 83. Kd2 Ra2+ 84. Ke1 Rc2 85. c4 Rc3 86. Kd2 Rd3+ 87. Ke2 Rc3 88. Rd5+ Kc6 89. Rc5+ Kd6 90. Rd5+ Kc6 91. Re5 Rxc4 92.
Rxe4 Kd5 93. Re5+ Kd6 94. Kf3 Rc1 95. Ke4 Rh1 96. Rd5+ Kc6 97. Rc5+ Kd6 98. Rg5 Rh4+ 99.
Kd3 Rh1 100. Rg6+ Kd7 101. d5 Rd1+ 102. Ke4 Ra1 103. Ke5 1-0

[Event "*** Titled Tuesday Blitz"]
[Site "Chess.com"]
[Date "2020.04.21"]
[Round "8"]
[White "Anton_Demchenko"]
[Black "Oleksandr_Bortnyk"]
[Result "1/2-1/2"]
[WhiteElo "2864"]
[BlackElo "3034"]
[TimeControl "180+1"]
[EndTime "11:42:15 PDT"]
[Termination "Game drawn by repetition"]

1. d4 d6 2. Nf3 Nf6 3. Nc3 g6 4. e4 Bg7 5. Be2 a6 6. O-O b5 7. e5 dxe5 8. dxe5 Qxd1 9. Rxd1 Nfd7 10. Nd5 Ra7 11. Be3 c5 12. a4 bxa4 13. c3 Nc6 14. e6 fxe6 15. Nf4 e5 16. Ne6 Bf6 17. Nxc5 Nxc5 18. Bxc5 Ra8 19. Rxa4 Kf7 20. Nd2 Rd8 21. Ne4 Rxd1+ 22. Bxd1 Be6 23. Be2 a5 24. Bb5 Rd8 25.
Ra1 Nb8 26. f3 Rd5 27. c4 Rd3 28. Rxa5 Rd1+ 29. Kf2 Rb1 30. Ba3 Nd7 31. Bxd7 Bxd7 32. Ra7 Bc6 33. Nxf6 Kxf6 34. Bxe7+ Ke6 35. Ba3 Rc1 36.
Rxh7 Rxc4 37. Rg7 Rc2+ 38. Kg3 Kf6 39. Rc7 Ke6 40. h4 Rc4 41. Rg7 Kf6 42. Rc7 Ke6 43. Bf8 Rc2 44. Bh6 Kd6 45. Rg7 Be8 46. Rb7 Bc6 47. Rb8 e4 48. fxe4 Bxe4 49. Kf4 Bxg2 50. Rg8 Rc4+ 51. Ke3 Be4 52. Bg5 Bf5 53. Rf8 Re4+ 54.
Kd2 Rb4 55. Kc3 Rb7 56. h5 Rc7+ 57. Kd4 Ke6 58. h6 Rd7+ 59. Ke3 Rd3+ 60. Kf2 Rh3 61. Be3 Be4 62. Re8+ Kf5 63. Rf8+ Ke6 64. b4 Bd5 65. b5 Rh2+ 66. Kg3 Rh1 67. b6 g5 68.
Re8+ Kf5 69. Rf8+ Kg6 70. Re8 Kxh6 71. Re5 Bb7 72. Bxg5+ Kg6 73. Be3 Rb1 74. Re7 Bd5 75. Rd7 Bh1 76. Kf4 Kf6 77. Rd6+ Ke7 78. Rh6 Bg2 79.
Bc5+ Kd7 80. Rd6+ Kc8 81. Rg6 Bd5 82. Ke5 Bf3 83. Kd6 Rd1+ 84. Ke5 Kb7 85. Rg7+ Ka6 86. Ra7+ Kb5 87. Be3 Bc6 88. b7 Rd8 89. Ke6 Rb8 90.
Kd6 Rxb7 91. Ra1 Rd7+ 92. Ke5 Re7+ 93. Kd4 Re4+ 94. Kd3 Rb4 95. Rc1 Be4+ 96. Kd2 Rb2+ 97. Kc3 Rb4 98. Kd2 Rb3 99. Rg1 Kc4 100. Rg7 Rb2+ 101. Kc1 Ra2 102. Rd7 Bd5 103. Rd8 Kc3 104. Bd2+ Kc4 105. Rc8+ Kd3 106. Rc3+ Kd4 107. Rg3 Be4 108. Be3+ Kc4 109. Bg5 Bd3 110. Kd1 Ra1+ 111. Kd2 Ra2+ 112. Kd1 Be4 113. Rg4 Kd3 114. Rg3+ Kd4 115. Bf6+ Kd5 116. Rg5+ Kc4 117. Rg3 Bd3 118. Ke1 Re2+ 119. Kd1 Rf2 120. Rg4+ Kb3 121. Rg3 Kc4 122. Rg4+ Kb5 123. Rg5+ Kc4 124. Rg4+ 1/2-1/2

[Event "*** Titled Tuesday Blitz"]
[Site "Chess.com"]
[Date "2020.04.21"]
[Round "9"]
[White "SerGo055"]
[Black "chito89"]
[Result "1/2-1/2"]
[WhiteElo "2585"]
[BlackElo "2743"]
[TimeControl "180+1"]
[EndTime "11:43:53 PDT"]
[Termination "Game drawn by agreement"]

1. d4 Nf6 2. Nf3 c5 3. c3 b6 4. Bf4 Bb7 5. e3 g6 6. h3 Bg7 7. Nbd2 O-O 8. Bd3 d6 9. O-O Nbd7 10. Bh2 a6 11. a4 Rc8 12. Re1 Qc7 13. e4 e5 14. dxe5 dxe5 1/2-1/2

[Event "*** Titled Tuesday Blitz"]
[Site "Chess.com"]
[Date "2020.04.21"]
[Round "9"]
[White "Onwgs"]
[Black "SketchyMoves"]
[Result "0-1"]
[WhiteElo "2494"]
[BlackElo "2671"]
[TimeControl "180+1"]
[EndTime "11:44:08 PDT"]
[Termination "SketchyMoves won by resignation"]

1. e4 c6 2. d4 d5 3. Nd2 dxe4 4. Nxe4 Bf5 5. Ng3 Bg6 6. c3 Nd7 7. Nh3 Ngf6 8. Nf4 e5 9. dxe5 Nxe5 10. Qxd8+ Rxd8 11.
Nxg6 hxg6 12. Be3 b6 13. f3 Nd5 14. Kf2 Nxe3 15. Kxe3 Bc5+ 16. Kf4 Rh4+ 0-1

[Event "*** Titled Tuesday Blitz"]
[Site "Chess.com"]
[Date "2020.04.21"]
[Round "9"]
[White "ChelsieMonica"]
[Black "YPradafah"]
[Result "1-0"]
[WhiteElo "2340"]
[BlackElo "2433"]
[TimeControl "180+1"]
[EndTime "11:44:27 PDT"]
[Termination "ChelsieMonica won by resignation"]

1. c4 c6 2. Nf3 g6 3. e3 Bg7 4.
Be2 d6 5. O-O f5 6. Nc3 Nf6 7.
b3 O-O 8. Bb2 h6 9. Qc2 g5 10.
d4 Qe8 11. Bd3 g4 12. Nh4 Qh5 13. Nxf5 Na6 14. Nxe7+ 1-0

[Event "*** Titled Tuesday Blitz"]
[Site "Chess.com"]
[Date "2020.04.21"]
[Round "9"]
[White "D0wnpour"]
[Black "Diego_FloresQ"]
[Result "1-0"]
[WhiteElo "2595"]
[BlackElo "2412"]
[TimeControl "180+1"]
[EndTime "11:44:34 PDT"]
[Termination "D0wnpour won by resignation"]

1. d4 Nf6 2. c4 c5 3. d5 e6 4. Nc3 exd5 5. cxd5 d6 6. Nf3 g6 7. Nd2 Bg7 8. Nc4 O-O 9. Bf4 Ne8 10. e3 Qe7 11.
Nb5 Be5 12. Nxe5 dxe5 13. Bh6 Ng7 14. d6 1-0

[Event "*** Titled Tuesday Blitz"]
[Site "Chess.com"]
[Date "2020.04.21"]
[Round "9"]
[White "Gennady_Kozlov"]
[Black "GuerrieroFromLevant"]
[Result "1-0"]
[WhiteElo "2579"]
[BlackElo "2423"]
[TimeControl "180+1"]
[EndTime "11:44:37 PDT"]
[Termination "Gennady_Kozlov won by resignation"]

1. b3 d5 2. Bb2 Nf6 3. e3 c5 4. f4 Nc6 5. Nf3 g6 6. Be2 Bg7 7. O-O O-O 8. Ne5 Nd7 9. Nxc6 bxc6 10. Bxg7 Kxg7 11. d3 e5 12. f5 Nf6 13. fxg6 fxg6 14. Nd2 Qe7 15. Qe1 Bd7 16. Qg3 Rf7 17. e4 Raf8 18.
Bf3 h5 19. Rae1 d4 20. Nc4 Re8 21. Rf2 Qf8 22. Nxe5 Rxe5 23. Qxe5 1-0

[Event "*** Titled Tuesday Blitz"]
[Site "Chess.com"]
[Date "2020.04.21"]
[Round "9"]
[White "Crazy_girl99"]
[Black "fancyknightmaneuvers"]
[Result "1-0"]
[WhiteElo "2428"]
[BlackElo "2573"]
[TimeControl "180+1"]
[EndTime "11:44:50 PDT"]
[Termination "Crazy_girl99 won by resignation"]

1. Nf3 d5 2. g3 g6 3. Bg2 Bg7 4.
d4 Nh6 5. O-O O-O 6. c4 c6 7.
Nc3 Nf5 8. cxd5 cxd5 9. Bf4 Nc6 10. e3 e6 11. a3 a5 12. h3 Re8 13. Nb5 Re7 14.
g4 Qb6 15. a4 1-0

[Event "*** Titled Tuesday Blitz"]
[Site "Chess.com"]
[Date "2020.04.21"]
[Round "9"]
[White "Juanovic"]
[Black "dennisodessa"]
[Result "0-1"]
[WhiteElo "2149"]
[BlackElo "2303"]
[TimeControl "180+1"]
[EndTime "11:44:52 PDT"]
[Termination "dennisodessa won by resignation"]

1. e4 e6 2. d4 d5 3. Nc3 Nc6 4. e5 f6 5. f4 fxe5 6. fxe5 Qh4+ 7. g3 Qxd4 8. Qxd4 Nxd4 9. Bd3 Ne7 10. Be3 Nef5 11. Bxd4 Nxd4 12. O-O-O c5 13. Nge2 Nxe2+ 14. Bxe2 Bd7 15. Rhf1 g6 16. h4 Bg7 17. Bd3 Bxe5 0-1

[Event "*** Titled Tuesday Blitz"]
[Site "Chess.com"]
[Date "2020.04.21"]
[Round "9"]
[White "kenta1234"]
[Black "GadimbayliA"]
[Result "1-0"]
[WhiteElo "2618"]
[BlackElo "2894"]
[TimeControl "180+1"]
[EndTime "11:45:01 PDT"]
[Termination "kenta1234 won by resignation"]

1. Nf3 d5 2. d4 Nc6 3. g3 Bg4 4. Bg2 Qd7 5. O-O O-O-O 6. c4 dxc4 7. d5 Qxd5 8. Qxd5 Rxd5 9. Ng5 Rxg5 10. Bxg5 f6 11.
Be3 Bxe2 12. Re1 Bd3 13. Nc3 Nb4 14. Bh3+ Kb8 15. Red1 Nc2 16. Rac1 Nxe3 17. fxe3 e5 18. b3 Ba3 19. bxc4 Bxc1 20. Rxd3 Ne7 21. Kf2 Ba3 22. Ne4 h6 23. Rxa3 Rd8 24. Ke2 f5 25. Nc5 Rd6 26.
Rd3 g5 27. Nd7+ 1-0

[Event "*** Titled Tuesday Blitz"]
[Site "Chess.com"]
[Date "2020.04.21"]
[Round "9"]
[White "francyIM"]
[Black "Piotrek1979"]
[Result "0-1"]
[WhiteElo "2661"]
[BlackElo "2458"]
[TimeControl "180+1"]
[EndTime "11:45:20 PDT"]
[Termination "Piotrek1979 won by resignation"]

1. c4 g6 2. g3 Bg7 3. Bg2 d6 4.
Nc3 c5 5. Nf3 Nc6 6. O-O Rb8 7. e3 Bd7 8. d4 Nf6 9. Qe2 O-O 10. Rd1 a6 11. b3 b5 12. cxb5 axb5 13. Bb2 b4 14. Na4 cxd4 15. exd4 Qa5 16. d5 Nxd5 17.
Rxd5 Qxd5 18. Ne5 Qe6 0-1

[Event "*** Titled Tuesday Blitz"]
[Site "Chess.com"]
[Date "2020.04.21"]
[Round "9"]
[White "GmSergioBarrientos"]
[Black "Zurability"]
[Result "1-0"]
[WhiteElo "2593"]
[BlackElo "2714"]
[TimeControl "180+1"]
[EndTime "11:45:27 PDT"]
[Termination "GmSergioBarrientos won by resignation"]

1. d4 Nf6 2. c4 e6 3. Nf3 b6 4.
a3 Bb7 5. Nc3 d5 6. cxd5 Nxd5 7.
e3 Be7 8. Bb5+ c6 9. Bd3 O-O 10. O-O Nxc3 11. bxc3 c5 12. Bb2 Nd7 13. e4 cxd4 14.
cxd4 Nf6 15. Qe2 Rc8 16. Rfd1 Rc7 17. h3 Qa8 18. Re1 a6 19. Rad1 b5 20. Qe3 Rd8 21.
Qf4 h6 22. Qxc7 1-0

[Event "*** Titled Tuesday Blitz"]
[Site "Chess.com"]
[Date "2020.04.21"]
[Round "9"]
[White "whogeeyao"]
[Black "ReyesBraulio"]
[Result "0-1"]
[WhiteElo "2302"]
[BlackElo "2149"]
[TimeControl "180+1"]
[EndTime "11:45:29 PDT"]
[Termination "ReyesBraulio won by resignation"]

1. e4 d5 2. exd5 Qxd5 3. Nf3 a6 4. d4 Bg4 5. Be2 Nf6 6. c4 Qd6 7. h3 Bh5 8. Nc3 Nc6 9. Qb3 O-O-O 10. d5 Bxf3 11.
Bxf3 Nd4 12. Qd1 Nxf3+ 13. Qxf3 Qb4 14. Qe2 e6 15. dxe6 Re8 16. O-O Rxe6 17. Qd3 Bc5 18. a3 Qa5 19. Bg5 Bxf2+ 20. Rxf2 Qxg5 21. b4 Rd8 22. Qf3 Re3 23. h4 Qe5 0-1

[Event "*** Titled Tuesday Blitz"]
[Site "Chess.com"]
[Date "2020.04.21"]
[Round "9"]
[White "KarpovVadim"]
[Black "LuckSlayeer"]
[Result "0-1"]
[WhiteElo "2322"]
[BlackElo "2498"]
[TimeControl "180+1"]
[EndTime "11:45:32 PDT"]
[Termination "LuckSlayeer won by resignation"]

1. Nf3 d5 2. d4 Nf6 3. c4 e6 4.
Nc3 Be7 5. Bg5 O-O 6. e3 h6 7. Bh4 c6 8. Qc2 Nbd7 9. Rd1 dxc4 10. Bxc4 b5 11. Bd3 Bb7 12. O-O a6 13. e4 c5 14.
dxc5 Nxc5 15. Bxf6 gxf6 16. Bxb5 Qb6 17. Be2 Rfd8 18. e5 f5 19. b3 Rac8 20. Rxd8+ Bxd8 21. Qd3 Nxd3 0-1

[Event "*** Titled Tuesday Blitz"]
[Site "Chess.com"]
[Date "2020.04.21"]
[Round "9"]
[White "HarryCun"]
[Black "RodinMihail"]
[Result "0-1"]
[WhiteElo "2157"]
[BlackElo "2358"]
[TimeControl "180+1"]
[EndTime "11:45:47 PDT"]
[Termination "RodinMihail won by resignation"]

1. Nf3 d5 2. g3 c6 3. Bg2 Bg4 4.
O-O Nd7 5. h3 Bh5 6. g4 Bg6 7.
d3 e5 8. Nbd2 Bd6 9. e4 Ne7 10.
Qe2 O-O 11. Nh4 f6 12. Nxg6 Nxg6 13. Nf3 Re8 14. g5 Ndf8 15. gxf6 gxf6 16. exd5 cxd5 17. Bh6 Ne6 18. h4 Ngf4 19. Qd2 Kh8 20. d4 Rg8 21. Ne1 Rg6 22. Bxf4 Nxf4 23. dxe5 fxe5 24. h5 Rxg2+ 25. Nxg2 Qg5 26. f3 Nh3+ 27. Kh1 Qxd2 0-1

[Event "*** Titled Tuesday Blitz"]
[Site "Chess.com"]
[Date "2020.04.21"]
[Round "9"]
[White "picturesquecheck"]
[Black "Andrii_Prydun"]
[Result "0-1"]
[WhiteElo "2196"]
[BlackElo "2337"]
[TimeControl "180+1"]
[EndTime "11:45:56 PDT"]
[Termination "Andrii_Prydun won by resignation"]

1. e4 Nf6 2. e5 Nd5 3. c4 Nb6 4. a4 d6 5. a5 N6d7 6. exd6 exd6 7. d4 Be7 8. Nf3 O-O 9. Bd3 Nf6 10. Nc3 Bg4 11. h3 Bh5 12. O-O Nc6 13. Be3 a6 14. Be2 Re8 15. d5 Bxf3 16. Bxf3 Ne5 17. Be2 Nfd7 18. f4 Ng6 19. Bd4 Bf6 20. Bg4 Bxd4+ 21.
Qxd4 Nf6 22. Rae1 Nxg4 23. hxg4 Qh4 24. f5 Rxe1 25. fxg6 Rxf1+ 26. Kxf1 fxg6 0-1

[Event "*** Titled Tuesday Blitz"]
[Site "Chess.com"]
[Date "2020.04.21"]
[Round "9"]
[White "ItsCheckM8Mate"]
[Black "Chichin_chao"]
[Result "1/2-1/2"]
[WhiteElo "2246"]
[BlackElo "2358"]
[TimeControl "180+1"]
[EndTime "11:46:09 PDT"]
[Termination "Game drawn by repetition"]

1. e4 c5 2. Nf3 e6 3. d4 cxd4 4. Nxd4 a6 5. c4 Nf6 6. Nc3 Qc7 7. a3 Be7 8. Be3 O-O 9. Be2 b6 10. Rc1 Bb7 11. f3 d6 12. O-O Nbd7 13. Qd2 Rac8 14.
Rfd1 Rfe8 15. b4 Qb8 16. Nb3 Qa8 17. Kh1 Bf8 18. Na4 Rc6 19. Qe1 Be7 20. Qf2 Bd8 21. Nd4 Rc8 22. Nb3 Rc6 23. Nd4 Rc8 24.
Nb3 Rc6 1/2-1/2

[Event "*** Titled Tuesday Blitz"]
[Site "Chess.com"]
[Date "2020.04.21"]
[Round "9"]
[White "TudorAnton"]
[Black "tomsishere"]
[Result "0-1"]
[WhiteElo "2514"]
[BlackElo "2422"]
[TimeControl "180+1"]
[EndTime "11:46:13 PDT"]
[Termination "tomsishere won by resignation"]

1. d4 Nf6 2. c4 g6 3. Nc3 d5 4. cxd5 Nxd5 5. e4 Nxc3 6. bxc3 Bg7 7. Nf3 c5 8. Be3 Qa5 9. Qd2 Nc6 10. Rc1 cxd4 11. cxd4 Qxd2+ 12. Kxd2 O-O 13. d5 Rd8 14. Bd3 Na5 15. Rc7 e6 16. dxe6 Bxe6 17. Ke2 Bxa2 18. e5 Bd5 19. Ra1 Bxf3+ 20. gxf3 Bxe5 21. Rxa5 Bxc7 22.
Rxa7 Rxa7 23. Bxa7 b6 24. Be4 f5 25. Bc6 Rd6 26. Bb7 Rd4 27. Bc6 Kg7 28. h3 Rc4 29. Bb5 Rc5 0-1

[Event "*** Titled Tuesday Blitz"]
[Site "Chess.com"]
[Date "2020.04.21"]
[Round "9"]
[White "ehrenfeld"]
[Black "Teidi96"]
[Result "1-0"]
[WhiteElo "2426"]
[BlackElo "2172"]
[TimeControl "180+1"]
[EndTime "11:46:13 PDT"]
[Termination "ehrenfeld won by resignation"]

1. e4 e5 2. Nc3 Nf6 3. f4 d5 4. fxe5 Nxe4 5. Qf3 Bc5 6. Nxe4 dxe4 7. Qxe4 O-O 8. Nf3 Nc6 9. c3 Re8 10. d4 Bb6 11.
Bd3 g6 12. Bg5 Qd7 13. Qh4 Qg4 14. O-O-O Qxh4 15. Bxh4 Ne7 16. Rhf1 c5 17. Bb5 Nc6 18. d5 a6 19. Ba4 1-0

[Event "*** Titled Tuesday Blitz"]
[Site "Chess.com"]
[Date "2020.04.21"]
[Round "9"]
[White "emperor87"]
[Black "Nakachuk"]
[Result "0-1"]
[WhiteElo "2643"]
[BlackElo "2778"]
[TimeControl "180+1"]
[EndTime "11:46:15 PDT"]
[Termination "Nakachuk won by resignation"]

1. Nf3 Nf6 2. g3 g6 3. Bg2 Bg7 4.
O-O O-O 5. c4 c5 6. d4 d6 7. Nc3 Nc6 8. d5 Na5 9. Nd2 a6 10. e4 Rb8 11. a4 Bd7 12. h3 b5 13.
axb5 axb5 14. cxb5 Bxb5 15. Re1 Nd7 16. Kh2 Bd3 17.
f4 c4 18. Nf3 Nb3 19. Ra3 Nxc1 20. Qxc1 Nc5 21. e5 Qb6 22. Ra2 Nb3 23. Qd1 Rfd8 24.
e6 f5 25. Nd2 Qf2 26. Nxb3 Rxb3 27. Qc1 Bxc3 0-1

[Event "*** Titled Tuesday Blitz"]
[Site "Chess.com"]
[Date "2020.04.21"]
[Round "9"]
[White "EnergeticHay"]
[Black "kingnb"]
[Result "0-1"]
[WhiteElo "2234"]
[BlackElo "2454"]
[TimeControl "180+1"]
[EndTime "11:46:18 PDT"]
[Termination "kingnb won by resignation"]

1. e4 d5 2. exd5 Nf6 3. Nf3 Nxd5 4. d4 Bf5 5. c4 Nb4 6. Na3 e6 7. Be2 Be7 8. O-O O-O 9. Be3 N8c6 10. Nb5 Bf6 11.
Bf4 Rc8 12. Qd2 a6 13. Na3 Nxd4 14. Nxd4 Qxd4 15. Qxb4 Qxf4 16. Qxb7 Rb8 17. Qa7 Bxb2 18.
Rab1 Bxb1 19. Nxb1 Bd4 20. Qxa6 Rxb1 21. Rxb1 Qxf2+ 22. Kh1 Qxe2 23. Qc6 Bb6 24. h3 Qxa2 25. Rd1 Qc2 26.
Rd7 Qc1+ 27. Kh2 Bg1+ 28. Kg3 Qe3+ 29. Kg4 f5+ 30. Kh4 0-1

[Event "*** Titled Tuesday Blitz"]
[Site "Chess.com"]
[Date "2020.04.21"]
[Round "9"]
[White "Xeniya2005"]
[Black "boasovietica"]
[Result "0-1"]
[WhiteElo "2257"]
[BlackElo "2441"]
[TimeControl "180+1"]
[EndTime "11:46:21 PDT"]
[Termination "boasovietica won by resignation"]

1. e4 e5 2. Nf3 Nc6 3. Nc3 Nf6 4. Bb5 Nd4 5. Bc4 Bc5 6. Nxe5 O-O 7. O-O d6 8. Nd3 Bg4 9. Qe1 Nxc2 10. Nxc5 Nxe1 11. Rxe1 dxc5 12. d3 Be6 13. Bxe6 fxe6 14. Bg5 Qd7 15. Rad1 b6 16. h3 Ne8 17. Be3 Nd6 18. d4 cxd4 19. Bxd4 Qe7 20. Be5 Rad8 21. Bg3 a6 22. e5 Nf5 23.
Ne4 Nxg3 24. Nxg3 Qc5 0-1

[Event "*** Titled Tuesday Blitz"]
[Site "Chess.com"]
[Date "2020.04.21"]
[Round "9"]
[White "viditchess"]
[Black "Hikaru"]
[Result "1/2-1/2"]
[WhiteElo "2979"]
[BlackElo "3231"]
[TimeControl "180+1"]
[EndTime "11:46:37 PDT"]
[Termination "Game drawn by agreement"]

1. d4 Nf6 2. c4 e6 3. Nf3 d5 4. g3 Be7 5. Bg2 O-O 6. O-O dxc4 7.
Qc2 a6 8. a4 Bd7 9. Qxc4 Bc6 10.
Bg5 Nbd7 11. Rd1 h6 12. Bxf6 Nxf6 13. Nc3 a5 14. e3 Bxf3 15. Bxf3 c6 16. Qb3 Qc7 17.
Ne2 Rac8 18. Nf4 Bd6 19. Nd3 Nd7 20. Kg2 Qb6 21. Qc4 Rfe8 22. Rac1 Qd8 23. h4 Qe7 24. h5 e5 25. dxe5 Nxe5 26. Nxe5 Bxe5 27. Rd2 Rcd8 28. Rcd1 Rxd2 29. Rxd2 Rd8 30. Rxd8+ Qxd8 1/2-1/2

[Event "*** Titled Tuesday Blitz"]
[Site "Chess.com"]
[Date "2020.04.21"]
[Round "9"]
[White "Andrei_Belozerov"]
[Black "smshk35"]
[Result "1-0"]
[WhiteElo "2572"]
[BlackElo "2352"]
[TimeControl "180+1"]
[EndTime "11:46:37 PDT"]
[Termination "Andrei_Belozerov won by resignation"]

1. e4 c5 2. Nf3 e6 3. d4 cxd4 4. Nxd4 a6 5. Bd3 Qc7 6. O-O Bc5 7. Nb3 Ba7 8. Qe2 Nc6 9. Be3 Bxe3 10. Qxe3 Nf6 11. f4 d6 12. Nc3 b5 13. a4 b4 14.
Ne2 Bb7 15. a5 Rc8 16. Ned4 Nxd4 17. Qxd4 e5 18. fxe5 dxe5 19. Qxb4 Qe7 20. Ra4 Ng4 21. Qxe7+ Kxe7 22. Rb4 Rc7 23. Nc5 Bc8 24. Nxa6 Ra7 25. Nb8 Bd7 1-0

[Event "*** Titled Tuesday Blitz"]
[Site "Chess.com"]
[Date "2020.04.21"]
[Round "9"]
[White "ferdipy"]
[Black "Nafania1"]
[Result "0-1"]
[WhiteElo "2212"]
[BlackElo "2358"]
[TimeControl "180+1"]
[EndTime "11:46:44 PDT"]
[Termination "Nafania1 won by resignation"]

1. e4 e6 2. d4 d5 3. e5 c5 4. c3 Nc6 5. Nf3 Bd7 6. Be2 f6 7. O-O fxe5 8. dxe5 Nh6 9. Bxh6 gxh6 10. Bd3 Bg7 11. Re1 c4 12. Bc2 O-O 13. Na3 a6 14. b3 Qe7 15. bxc4 Qxa3 16. cxd5 Nd8 17. Bb3 Qe7 18.
Nd4 exd5 19. Bxd5+ Ne6 20. Bxb7 Rad8 21. Bxa6 Kh8 22.
Qh5 Nf4 23. Qd1 Qg5 24. Qf3 Nh3+ 25. Qxh3 Bxh3 0-1

[Event "*** Titled Tuesday Blitz"]
[Site "Chess.com"]
[Date "2020.04.21"]
[Round "9"]
[White "CMS13"]
[Black "Eliwood44"]
[Result "1-0"]
[WhiteElo "2140"]
[BlackElo "2297"]
[TimeControl "180+1"]
[EndTime "11:46:44 PDT"]
[Termination "CMS13 won by resignation"]

1. e4 e5 2. Bc4 Nf6 3. Nc3 Nxe4 4. Qh5 Nd6 5. Qxe5+ Qe7 6. Qxe7+ Bxe7 7. Bb3 O-O 8.
Nf3 Nf5 9. d4 c6 10. d5 Re8 11.
O-O d6 12. Bf4 Na6 13. h3 Nc5 14. Rad1 Nxb3 15. axb3 c5 16. Rfe1 Bd7 17. g4 Nh6 18. Ne4 Nxg4 19. hxg4 Bxg4 20. Rd3 Bf8 21. Nh2 Bf5 22. Rde3 Red8 23. c4 a6 24. Nf3 b5 25.
Nxd6 1-0

[Event "*** Titled Tuesday Blitz"]
[Site "Chess.com"]
[Date "2020.04.21"]
[Round "9"]
[White "lestri"]
[Black "Mischuk_D"]
[Result "1-0"]
[WhiteElo "2577"]
[BlackElo "2691"]
[TimeControl "180+1"]
[EndTime "11:46:46 PDT"]
[Termination "lestri won by resignation"]

1. c4 e6 2. Nf3 d5 3. e3 Nf6 4. b3 c5 5. cxd5 Nxd5 6. Bb2 Nc6 7.
a3 Nf6 8. Be2 Be7 9. O-O O-O 10. d4 cxd4 11. Nxd4 Nxd4 12. Bxd4 Bd7 13. Bf3 Qc7 14. Nd2 Bc6 15. Rc1 Bxf3 16. Qxf3 Qd7 17.
Nc4 Qd5 18. Qxd5 Nxd5 19. a4 Rfc8 20. Na5 b6 21. Nc6 Rc7 22. Be5 Rd7 23. e4 Nb4 24. Nxe7+ Rxe7 25. Bd6 Rd7 26. Bxb4 Rd3 27. Rc3 Rd4 28.
Rfc1 h5 29. Rc4 Rd3 30. Bc3 Kh7 31. Kf1 Rad8 32. Ke2 R8d7 33. Rc2 Rd1 34. Rd2 R7xd2+ 35. Bxd2 Rb1 36. b4 Ra1 37. a5 Kg6 38. Rc7 Rxa5 39.
bxa5 1-0